AoeStats
← Puttsson

Arabia

510382482Analyzed
1v1 RM · 23h ago on Sep 30, 2026· 50m 57s· 2 players
Game mode
Random Map
Map size
Tiny (2 player)
Population
200
Speed
Normal
Resources
Standard
Victory
Conquest
Starting age
Dark Age
Ending age
Imperial Age
RankedLock teamsTeams togetherTeam positionsShared explorationLock speedFull tech treeHidden civsTurbo modeCheats
Victory
Defeat
🇸🇪 Italians · Sweden
1962
+15
🇩🇪 Chinese · Germany
1943
-15
Sir_Ragealot
0:25 Loom
8:56 Feudal Age
12:18 Double-Bit Axe
20:05 Castle Age
18:45 Fletching
19:46 Padded Archer Armor
19:59 Stone Mining
19:51 Horse Collar
20:54 Bodkin Arrow
21:49 Town Watch
22:40 Wheelbarrow
22:52 Elite Skirmisher
23:56 Leather Archer Armor
41:02 Imperial Age
40:30 Bow Saw
43:20 Bracer
43:12 Gold Mining
45:46 Gold Shaft Mining
45:57 Ring Archer Armor
46:37 Ballistics
51:28 Chemistry
Puttsson
6:02 Loom
8:30 Feudal Age
9:05 Double-Bit Axe
20:58 Castle Age
19:40 Fletching
19:50 Horse Collar
20:20 Padded Archer Armor
21:52 Bodkin Arrow
22:11 Elite Skirmisher
23:11 Leather Archer Armor
23:23 Elite Skirmisher
25:45 Ballistics
26:00 Bow Saw
26:40 Town Watch
28:32 Crossbowman
32:00 Ballistics
37:17 Imperial Age
35:10 Scale Mail Armor
36:52 Thumb Ring
38:02 Bracer
39:58 Chemistry
41:44 Wheelbarrow
42:38 Masonry
43:32 Ring Archer Armor
50:28 Scale Mail Armor
Connection lost

Rejoining the realm…

Still unreachable

The connection could not be restored.

Session expired

The server has moved on; the page needs a fresh start.